 Dungeon Crawl Stone Soup version 0.23.2-33-g5129a83184 (webtiles) character file.

Game seed: 6784010462178800057

1045 SilentRunner the Spear-Bearer (level 8, -3/67 HPs)
             Began as a Minotaur Fighter on July 18, 2019.
             Was a Believer of Okawaru.
             Slain by a red ugly thing (23 damage)
             ... on level 7 of the Dungeon.
             The game lasted 00:30:19 (4599 turns).

SilentRunner the Spear-Bearer (Minotaur Fighter)    Turns: 4599, Time: 00:30:21

Health: -3/67      AC:  7    Str: 24    XL:     8   Next: 4%
Magic:  7/7        EV:  7    Int:  5    God:    Okawaru [**....]
Gold:   305        SH: 10    Dex:  9    Spells: 7/7 levels left

rFire    . . .     SeeInvis .   m - +2 trident (vamp)
rCold    + . .     Gourm    .   C - +1 shield
rNeg     . . .     Faith    .   b - +0 scale mail
rPois    .         Spirit   .   (helmet restricted)
rElec    .         Reflect  .   (no cloak)
rCorr    .         Harm     .   (no gloves)
MR       .....                  (no boots)
Stlth    ..........             n - amulet of regeneration
HPRegen  0.61/turn              J - ring of protection from cold
MPRegen  0.10/turn              (no ring)

@: no status effects
A: retaliatory headbutt, horns 2
a: Heroism, Renounce Religion


You were on level 7 of the Dungeon.
You worshipped Okawaru.
Okawaru was pleased with you.
You were not hungry.

You visited 1 branch of the dungeon, and saw 7 of its levels.

You collected 305 gold pieces.

Inventory:

Hand Weapons
 a - a +0 war axe
 g - a +0 dagger of protection
 m - a +2 vampiric trident (weapon)
 w - the +6 dagger of Destiny {pierce, SInv}
   (You found it on level 6 of the Dungeon)

   It inflicts extra damage upon your enemies.
   It lets you see invisible.
 y - a cursed -2 flail
 G - the cursed +0 quarterstaff of the Moon {freeze, +Fly MR- Str+3, unknown}
   (You found it on level 5 of the Dungeon)

   It has been specially enchanted to freeze those struck by it, causing extra
   injury to most foes and up to half again as much damage against particularly
   susceptible opponents.
   It can also slow down cold-blooded creatures.
   It affects your strength (+3).
   It affects your resistance to hostile enchantments.
   It lets you fly.
   It has a curse placed upon it.
 H - a +1 rapier of speed
Missiles
 K - 6 tomahawks (quivered)
Armour
 b - a +0 scale mail (worn)
 C - a +1 shield (worn)
 E - a +2 robe of magic resistance
Jewellery
 n - an amulet of regeneration (around neck)
 D - an uncursed ring of teleportation
 J - a ring of protection from cold (left hand)
Wands
 x - a wand of random effects (12)
Scrolls
 d - a scroll of fear {unknown}
 e - 2 scrolls of teleportation
 h - a scroll of remove curse
 i - a scroll of magic mapping
 o - a scroll of random uselessness {unknown}
 t - a scroll of enchant weapon {unknown}
 u - a scroll of noise {unknown}
 v - a scroll of identify
 F - a scroll of fog {unknown}
Potions
 j - 2 potions of heal wounds
 k - a potion of mutation {unknown}
 l - a potion of flight {unknown}
 p - a potion of ambrosia {unknown}
 q - 2 potions of curing
 r - a potion of resistance {unknown}
 s - a potion of invisibility {unknown}
 z - a potion of brilliance {unknown}
 B - 2 potions of haste {unknown}
 I - a potion of cancellation {unknown}
Comestibles
 f - 13 rations


   Skills:
 - Level 4.5 Fighting
 - Level 3.0(7.0) Axes
 * Level 10.0(10.2) Polearms
 - Level 4.5 Armour
 - Level 4.1 Shields
 + Level 0.1 Evocations


You had 7 spell levels left.
You didn't know any spells.
Your spell library was empty.

Dungeon Overview and Level Annotations

Branches:
Dungeon (7/15)
 Temple: D:4-7

Altars:
Ashenzari
Elyvilon
Okawaru
Trog
Uskayaw
Zin
The Shining One

Shops:
D:6 (

Annotations:
D:3 1 runed translucent door


Innate Abilities, Weirdness & Mutations

You reflexively headbutt those who attack you in melee.
You have a pair of horns on your head.


Message History

There is a stone staircase leading down here.
You climb downwards.
Found a pair of gloves and a ring mail.
There is a stone staircase leading up here.
A red ugly thing comes into view.
The red ugly thing gurgles horribly!
Found a scroll labeled ZAWESOSK FAUCE.
The red ugly thing claws you.
You are engulfed in flames!
Your shield prevents you from hitting the red ugly thing.
You block the red ugly thing's attack.
You puncture the red ugly thing!
You feel better.
Your headbutt misses the red ugly thing.
The red ugly thing is lightly wounded.
The red ugly thing claws you.
You are engulfed in flames!
You puncture the red ugly thing!
The red ugly thing is moderately wounded.
The red ugly thing claws you!
* * * LOW HITPOINT WARNING * * *
You are engulfed in flames!!
You die...

#...# #...#
#...# #...# #
#...#.#
#...#?#.#
#..u'...#
#[[@#########.#
###....<......#
#.#.#########
#.#... #.####.#
#.. .. ### #.


You could see a red ugly thing.

Vanquished Creatures
  An ice beast (D:6)
  An ogre (D:4)
  A big kobold (D:6)
  2 howler monkeys
  2 crimson imps
  A bullfrog zombie (D:5)
  2 hounds
  A gnoll shaman (D:5)
  3 orc wizards
  An orc priest (D:4)
  A jelly (D:5)
  4 worker ants
  A hound zombie (D:5)
  A hound skeleton (D:6)
  6 adders
  5 gnolls (D:5)
  A shadow imp (D:5)
  4 adder skeletons
  4 worms
  3 dart slugs
  4 leopard geckos
  24 orcs
  9 bats
  9 giant cockroaches
  2 hobgoblins (D:1)
  6 jackals (D:2)
  7 kobolds
  3 quokkas
  A ball python (D:2)
  4 frilled lizards
  11 goblins
  9 rats
134 creatures vanquished.

Notes
Turn   | Place    | Note
-------+----------+-------------------------------------------
     0 | D:1      | SilentRunner the Minotaur Fighter began the quest for the
                  | Orb.
     0 | D:1      | Reached XP level 1. HP: 19/19 MP: 0/0
   137 | D:1      | Reached XP level 2. HP: 22/27 MP: 1/1
   892 | D:1      | Reached XP level 3. HP: 33/33 MP: 2/2
  1312 | D:2      | Reached XP level 4. HP: 41/41 MP: 3/3
  1420 | D:3      | Found a faded altar of an unknown god.
  1460 | D:3      | Reached skill level 1 in Polearms
  1628 | D:3      | Reached skill level 2 in Polearms
  1693 | D:3      | Found an iron altar of Okawaru.
  1697 | D:3      | Found a white marble altar of Elyvilon.
  1709 | D:3      | Became a worshipper of Warmaster Okawaru
  1715 | D:3      | Found a shattered altar of Ashenzari.
  1818 | D:3      | Found a glowing silver altar of Zin.
  1819 | D:3      | Found a runed translucent door.
  1819 | D:3      | Noticed an angel
  2198 | D:4      | Reached skill level 3 in Polearms
  2243 | D:4      | Noticed an ogre
  2328 | D:4      | Killed an ogre
  2328 | D:4      | Reached skill level 4 in Polearms
  2328 | D:4      | Reached XP level 5. HP: 26/47 MP: 4/4
  2331 | D:4      | Reached * piety under Okawaru
  2331 | D:4      | Reached skill level 5 in Polearms
  2332 | D:4      | Reached XP level 6. HP: 45/53 MP: 5/5
  2522 | D:4      | Reached skill level 6 in Polearms
  3036 | D:5      | Entered Level 5 of the Dungeon
  3106 | D:5      | Reached skill level 7 in Polearms
  3123 | D:5      | Reached XP level 7. HP: 58/60 MP: 4/6
  3225 | D:5      | Reached ** piety under Okawaru
  3225 | D:5      | Reached skill level 8 in Polearms
  3577 | D:5      | Got a smoking quarterstaff
  3715 | D:5      | Reached skill level 9 in Polearms
  3835 | D:5      | Noticed a moth of wrath
  3838 | D:5      | Found a bloodstained altar of Trog.
  4077 | D:6      | Found a glowing golden altar of the Shining One.
  4108 | D:6      | Got a brightly glowing dagger
  4112 | D:6      | Found a hide-covered altar of Uskayaw.
  4118 | D:6      | Reached skill level 10 in Polearms
  4118 | D:6      | Reached XP level 8. HP: 66/67 MP: 7/7
  4143 | D:6      | Identified the +6 dagger of Destiny {pierce, SInv} (You
                  | found it on level 6 of the Dungeon)
  4347 | D:6      | Found Okashiy's Antique Weapon Boutique.
  4594 | D:7      | Noticed a red ugly thing
  4599 | D:7      | Slain by a red ugly thing

Skill      XL: |  1  2  3  4  5  6  7 |
---------------+----------------------+-----
Shields        | 4 |  4.1
Armour         | 4 |  4.5
Axes           | 3 |  3.0
Fighting       | 4 |  4.5
Polearms       | 4 5 7 10 | 10.0
Evocations     | |  0.1

Action                   |  1- 3 |  4- 6 |  7- 9 || total
-------------------------+-------+-------+-------++-------
Melee: War axe           |   113 |       |       ||   113
       Headbutt          |    18 |    23 |    16 ||    57
       Trident           |     9 |   125 |    98 ||   232
Invok: Heroism           |       |     1 |       ||     1
Evoke: Wand              |       |     1 |     1 ||     2
  Use: Scroll            |     1 |     4 |     5 ||    10
       Potion            |       |     1 |       ||     1
  Eat: Ration            |     2 |     1 |     1 ||     4
       Chunk             |     1 |     3 |     1 ||     5
Armor: Scale mail        |    75 |    42 |    18 ||   135
Dodge: Dodged            |    55 |    32 |    21 ||   108
Block: Shield            |    86 |    72 |    39 ||   197
